 Dungeon Crawl Stone Soup version 0.30.1-3-gfc49f6343a (webtiles) character file.

Game seed: 1692713018341138783

731 shmup the Arsonist (level 7, -2/36 HPs)
             Began as a Tengu Fire Elementalist on July 20, 2023.
             Was a Follower of Sif Muna.
             Slain by a gnoll
             ... wielding a +0 spear
             ... led by a gnoll sergeant
              (6 damage)
             ... on level 5 of the Dungeon.
             The game lasted 00:11:27 (5490 turns).

shmup the Arsonist (Tengu Fire Elementalist)        Turns: 5490, Time: 00:11:28

Health: -2/36      AC:  2    Str:  8    XL:     7   Next: 73%
Magic:  11/11      EV: 14    Int: 24    God:    Sif Muna [*.....]
Gold:   220        SH:  0    Dex: 14    Spells: 4/10 levels left

rFire   . . .        b - +1 whip (flame)
rCold   + . .        (no shield)
rNeg    . . .        h - +0 robe
rPois   .            (helmet restricted)
rElec   .            (no cloak)
rCorr   .            (no gloves)
SInv    .            (boots unavailable)
Will    .....        x - amulet of faith
Stlth   ++           v - +6 ring of intelligence
HPRegen 0.26/turn    l - ring of protection from cold
MPRegen 0.12/turn

%: faith
@: flying quickly and evasively, quick
A: beak, talons 3, nimble flight
a: Renounce Religion, Channel Magic


You were on level 5 of the Dungeon.
You worshipped Sif Muna.
Sif Muna was aware of your devotion.
You visited 1 branch of the dungeon, and saw 5 of its levels.

You collected 220 gold pieces.

Inventory:

Hand Weapons
 a - a +1 whip of venom
 b - a +1 whip of flaming (weapon)
 r - a +2 antimagic spear
Missiles
 c - 63 stones (quivered)
 o - 7 poisoned darts
 y - 6 boomerangs
 H - 3 boomerangs of dispersal
Armour
 h - a +0 robe (worn)
Jewellery
 l - a ring of protection from cold (right hand)
 v - a +6 ring of intelligence (left hand)
 x - an amulet of faith (around neck)
Wands
 u - a wand of polymorph (2)
 w - a wand of mindburst (13)
 E - a wand of paralysis (14)
Scrolls
 e - 2 scrolls of fear {unknown}
 f - a scroll of teleportation {unknown}
 j - a scroll of amnesia {unknown}
 q - 2 scrolls of brand weapon {unknown}
 s - a scroll of noise {unknown}
 z - a scroll of enchant armour {unknown}
 A - a scroll of enchant weapon {unknown}
 C - a scroll of vulnerability {unknown}
 D - a scroll of identify
 F - a scroll of magic mapping {unknown}
 G - a scroll of silence {unknown}
Potions
 d - 2 potions of flight
 g - 2 potions of heal wounds
 i - 2 potions of curing
 k - a potion of brilliance
 m - a potion of magic
 n - 4 potions of degeneration
 p - 2 potions of cancellation
 t - 2 potions of resistance {unknown}
 B - 2 potions of mutation {unknown}
 I - a potion of lignification {unknown}
 J - a potion of attraction {unknown}


   Skills:
 - Level 2.1 Dodging
 - Level 2.0 Stealth
 - Level 2.0 Spellcasting
 + Level 6.2 Conjurations
 * Level 8.2 Fire Magic


You had 4 spell levels left.
You knew the following spells:

 Your Spells              Type           Power      Damage    Failure   Level
a - Foxfire               Conj/Fire      100%       2x1d9     1%          1
b - Scorch                Fire           82%        2d8       1%          2
c - Inner Flame           Hex/Fire       22%        N/A       7%          3

Your spell library contained the following spells:

 Spells                   Type           Power      Damage    Failure   Level
 Flame Wave               Conj/Fire      37%        2d10      6%          4
 Volatile Blastmotes      Fire/Tloc      44%        2d13      7%          3
 Apportation              Tloc           4%         N/A       12%         1
 Necrotise                Necr           8%         1d4       12%         1
 Summon Small Mammal      Summ           8%         N/A       12%         1


Dungeon Overview and Level Annotations

Branches:
Dungeon (5/15)             Temple (0/1) D:5

Altars:
Gozag
Nemelex Xobeh
Qazlal
Sif Muna
Trog
Yredelemnul

Shops:
D:5 *


Innate Abilities, Weirdness & Mutations

You have a beak for a mouth.
You have claws for feet.
Your magical nature lets you fly swiftly and evasively.


Message History

You can't see any susceptible monsters within range! (Use Z to cast anyway.) Unknown command.
Unknown command.
You hear a shout! 2 gnolls come into view.
The gnoll moves out of view.
Casting: Scorch (safe; 1% risk of failure)
Confirm with . or Enter, or press ? or * to list all spells.
You conjure some foxfire!
Your foxfire dissipates!
A gnoll comes into view. It is wielding a +0 heavy flail.
The foxfire hits the gnoll.
The gnoll is heavily wounded.
The gnoll throws a throwing net.
The throwing net hits you.
You become entangled in the net!
You tear a large gash into the net.
A gnoll sergeant comes into view.
It is wielding a +0 trident of holy wrath.
An orc comes into view.
It is wielding a +0 whip and quivering boomerangs of dispersal.
You struggle against the net.
The orc shouts!
The gnoll hits you with a +0 flail! The gnoll hits you with a +0 whip!
* * * LOW HITPOINT WARNING * * *
A gnoll comes into view. It is wielding a +0 halberd.
Unknown command.
Unknown command.
You rip the net and break free!
The gnoll shouts!
You hear an angry hiss.
The gnoll barely misses you. The gnoll hits you with a +0 whip!
* * * LOW HITPOINT WARNING * * *
The gnoll enters a dispersal trap!
The gnoll blinks!
You blink.
The gnoll blinks!
The gnoll barely misses you.
The gnoll sergeant hits you from afar with a +0 trident of holy wrath!
* * * LOW HITPOINT WARNING * * *
The gnoll sergeant barely misses you. The gnoll hits you with a +0 spear.
* * * LOW HITPOINT WARNING * * *
Really fly into that dispersal trap?
Okay, then.
The gnoll closely misses you. The gnoll sergeant misses you.
The gnoll hits you from afar with a +0 spear.
You die...

▒▒▒▒▒▒...}.}...▒▒▒
.....~~ ▒▒.8.>.8.▒▒
.....▒P~ ▒..}.}..▒
.....▒▒~~ ▒.8.8.8.▒▒
▒....▒▒ 7 ▒........▒
▒.... ▒▒▒▒▒▒▒.g▒
▒....▒ ▒..▒▒ ▒....▒
▒▒g..▒▒▒....▒▒▒
▒▒...Q.▒.......▒▒▒
▒.^g.▒...........▒▒
▒▒.g.▒▒▒...........▒▒
▒▒...▒▒
▒..▒.........▒▒
▒...▒▒
▒▒.▒..........▒
▒▒..▒▒ ▒.▒...........
▒▒..▒▒ ▒.............
▒▒..▒▒ ▒▒.▒..........
▒▒▒▒▒▒▒..▒▒
▒.▒......>...


You could see a gnoll sergeant and 3 gnolls.

Vanquished Creatures
  Grinder (D:4)
  An ogre (D:3)
  2 scorpions (D:5)
  An orc priest (D:3)
  Terence (D:3)
  3 iguanas
  3 adders
  4 gnolls
  2 worms
  6 dart slugs
  8 orcs
  3 endoplasms
  11 giant cockroaches
  6 goblins
  6 hobgoblins
  8 jackals
  7 kobolds
  3 quokkas
  8 ball pythons
  5 bats
  2 frilled lizards (D:3)
  8 rats
99 creatures vanquished.

Vanquished Creatures (others)
  202 foxfires
202 creatures vanquished.

Grand Total: 301 creatures vanquished

Notes
Turn   | Place    | Note
-------+----------+-------------------------------------------
     0 | D:1      | shmup the Tengu Fire Elementalist began the quest for the
                  | Orb.
     0 | D:1      | Reached XP level 1. HP: 10/10 MP: 4/4
   182 | D:1      | Reached XP level 2. HP: 15/15 MP: 4/6
   410 | D:1      | Reached skill level 4 in Fire Magic
   559 | D:1      | Learned a level 2 spell: Scorch
   631 | D:1      | Reached XP level 3. HP: 13/19 MP: 0/7
  1336 | D:2      | Found a faded altar of an unknown god.
  1661 | D:2      | Reached XP level 4. HP: 24/24 MP: 4/8
  2300 | D:3      | Noticed Terence
  2308 | D:3      | Killed Terence
  2309 | D:3      | Reached skill level 5 in Fire Magic
  2517 | D:3      | Found a shimmering blue altar of Sif Muna.
  2577 | D:3      | Became a worshipper of Sif Muna the Loreminder
  2857 | D:3      | Noticed an ogre
  2870 | D:3      | Killed an ogre
  2871 | D:3      | Reached skill level 6 in Fire Magic
  2871 | D:3      | Gained mutation: Your magical nature lets you fly swiftly
                  | and evasively. [Tengu growth]
  2871 | D:3      | Reached XP level 5. HP: 10/28 MP: 0/9
  2985 | D:3      | Reached XP level 6. HP: 22/32 MP: 0/10
  3462 | D:4      | Noticed Grinder
  3473 | D:4      | Found a basalt altar of Yredelemnul.
  3477 | D:4      | Killed Grinder
  3478 | D:4      | Reached skill level 5 in Conjurations
  3478 | D:4      | Reached skill level 7 in Fire Magic
  3478 | D:4      | Reached XP level 7. HP: 7/36 MP: 1/11
  3726 | D:4      | Learned a level 3 spell: Inner Flame
  3807 | D:4      | Reached * piety under Sif Muna
  4332 | D:4      | Found an opulent altar of Gozag.
  4336 | D:4      | Found a bloodstained altar of Trog.
  4361 | D:4      | Found a stormy altar of Qazlal.
  4362 | D:4      | Found a sparkling altar of Nemelex Xobeh.
  4868 | D:5      | Entered Level 5 of the Dungeon
  4894 | D:5      | Found Hityar's General Store.
  4937 | D:5      | Found a staircase to the Ecumenical Temple.
  5385 | D:5      | Reached skill level 8 in Fire Magic
  5490 | D:5      | Slain by a gnoll

Illustrated notes

Levels and vault maps discovered:
D:1:      roderic_chinese_lattice_arrival, layout_basic
D:2:      minmay_roachtagon, layout_loops_cross, ebering_ecumenical_altar_box,
          kennysheep_generic_room_6
D:3:      layout_loops_ring, mainiacjoe_overflow_alcove_1, uniq_terence
D:4:      layout_basic, mainiacjoe_overflow_paths,
          nicolae_overflow_hidden_temple, uniq_grinder
D:5:      layout_cave_pods, minmay_temple_entry_statues_fountains,
          nicolae_take_the_stairs, serial_park_tiny_1, serial_bayou_lake_a

Skill      XL: |  1  2  3  4  5  6  7 |
---------------+----------------------+-----
Conjurations   | 2 4 5 6 |  6.2
Fire Magic     | 4 6 7 8 |  8.2
Dodging        | |  2.1
Stealth        | |  2.0
Spellcasting   | |  2.0

Action                     |  1- 3 |  4- 6 |  7- 9 || total
---------------------------+-------+-------+-------++-------
  Melee: Whip              |     7 |    11 |     4 ||    22
         Kick              |     1 |     2 |     2 ||     5
         Peck              |     1 |     2 |     1 ||     4
  Throw: Stone             |       |       |     1 ||     1
   Cast: Foxfire           |    56 |    37 |    35 ||   128
         Scorch            |     2 |    18 |    26 ||    46
    Use: Scroll            |       |     6 |       ||     6
   Stab: Sleeping          |     1 |       |       ||     1
 Armour: Robe              |     5 |     7 |     2 ||    14
  Dodge: Dodged            |    24 |    25 |    16 ||    65
